 Dungeon Crawl Stone Soup version 0.30.1-11-g7821555f0a (webtiles) character file.

Game seed: 7393823037836093054

19698 Barill the Fighter (level 12, -3/97 HPs)
             Began as a Demonspawn Wanderer on Dec 25, 2023.
             Was a High Priest of Okawaru.
             Succumbed to Nessos's poison
             ... on level 3 of the Lair of Beasts.
             The game lasted 00:51:09 (14302 turns).

Barill the Fighter (Demonspawn Wanderer)           Turns: 14302, Time: 00:51:09

Health: -3/97      AC: 12    Str: 16    XL:     12   Next: 38%
Magic:  4/21       EV: 15    Int: 13    God:    Okawaru [*****.]
Gold:   669        SH:  0    Dex: 21    Spells: 22/23 levels left

rFire   . .          .
                       - Unarmed
rCold   . . .        (no shield)
rNeg    . . .        l - +2 ring mail {Will+}
rPois   .            K - melded +0 hat "Tunuragh" {rPois Stlth+}
rElec   .            (no cloak)
rCorr   .            k - +0 pair of gloves
SInv    .            (boots currently unavailable)
Will    ++...        M - amulet of guardian spirit
Stlth   +            m - +6 ring of dexterity
HPRegen 0.36/turn    A - ring of willpower
MPRegen 0.17/turn

%: guardian spirit
@: lethally poisoned (-3 -> -51), appendages
A: horns 2, talons 2, hooves 1, yellow scales 2, ignite blood 1, powered by pain
2
a: End Transformation, Renounce Religion, Heroism, Finesse, Duel


You were on level 3 of the Lair of Beasts.
You worshipped Okawaru.
Okawaru was extremely pleased with you.
You had temporarily grown beastly horns and talons.
You visited 2 branches of the dungeon, and saw 12 of its levels.
You also visited: Sewer.

You collected 669 gold pieces.

Inventory:

Missiles
 j - 43 poisoned darts
 n - 5 throwing nets
 D - 2 javelins
Armour
 k - a +0 pair of gloves (worn)
 l - a +2 ring mail of willpower (worn)
 I - a +2 robe of cold resistance
 K - the +0 hat "Tunuragh" (melded) {rPois Stlth+}
   (Okawaru gifted it to you on level 1 of the Lair of Beasts)

   rPois:     It protects you from poison.
   Stlth:     It makes you more stealthy.
 L - the +3 hat of Pondering {ponderous, Will+ MP+10 Int+5}
   (You took it off Gastronok on level 1 of the Lair of Beasts)

   Int:       It affects your intelligence (+5).
   MP:        It affects your magic capacity (+10).
   Will:      It increases your willpower.
Magical Staves
 q - a staff of poison
Jewellery
 b - a ring of ice
 m - a +6 ring of dexterity (left hand)
 p - a +6 ring of intelligence
 u - an amulet of faith
 v - a ring of see invisible
 w - an amulet of regeneration
 y - a ring of resist corrosion
 A - a ring of willpower (right hand)
 E - an amulet of the acrobat
 H - an amulet of reflection
 M - an amulet of guardian spirit (around neck)
Wands
 c - a wand of flame (23)
 g - a wand of polymorph (18)
 o - a wand of light (1)
 z - a wand of roots (15)
 C - a wand of paralysis (8)
Scrolls
 a - a scroll of enchant armour
 d - 2 scrolls of fear
 e - 10 scrolls of identify
 f - a scroll of silence
 i - a scroll of fog
 r - 4 scrolls of poison
 B - a scroll of amnesia
 F - 2 scrolls of blinking
 G - a scroll of teleportation
 O - a scroll of magic mapping {unknown}
 P - a scroll of torment {unknown}
Potions
 h - 5 potions of flight
 s - a potion of degeneration
 t - a potion of lignification
 x - a potion of resistance
 J - 3 potions of curing
 N - a potion of brilliance


   Skills:
 * Level 10.0 Fighting
 + Level 6.4 Armour
 + Level 6.3 Dodging
 - Level 0.2 Stealth
 * Level 9.6 Unarmed Combat
 + Level 6.3 Spellcasting
 + Level 6.4 Transmutations
 * Level 8.6 Invocations
 - Level 2.0 Evocations


You had 22 spell levels left.
You knew the following spells:

 Your Spells              Type           Power      Damage    Failure   Level
a - Beastly Appendage     Tmut           40%        N/A       1%          1

Your spell library contained the following spells:

 Spells                   Type           Power      Damage    Failure   Level
 Necrotise                Necr           16%        1d4       28%         1
 Ignite Poison            Fire/Tmut/Pois 9%         N/A       34%         3
 Blink                    Tloc           8%         N/A       41%         2
 Lesser Beckoning         Tloc           8%         N/A       41%         2
 Momentum Strike          Conj/Tloc      8%         3d8       41%         2
 Gell's Gravitas          Tloc           4%         N/A       65%         3
 Teleport Other           Tloc           4%         N/A       65%         3
 Vampiric Draining        Necr           4%         2d6       65%         3
 Agony                    Necr           4%         N/A       100%        5
 Dispersal                Tloc           2%         N/A       100%        6
 Borgnjor's Revivificati  Necr           2%         N/A       100%        8
 Necromutation            Tmut/Necr      6%         N/A       100%        8
 Death's Door             Necr           2%         N/A       100%        9


Dungeon Overview and Level Annotations

Branches:
Dungeon (9/15)             Temple (0/1) D:4            Lair (3/5) D:9
  Sewer (visited)
  Swamp: Lair:2-3    Shoals: Lair:2-3     Snake: Lair:2-3    Spider: Lair:2-3
    Orc: D:9-12

Altars:
Dithmenos
Hepliaklqana
Nemelex Xobeh
Okawaru

Shops:
D:3 ?

Annotations:
Lair:3 Nessos


Innate Abilities, Weirdness & Mutations

You have temporarily grown beastly horns and talons.
You have large cloven feet.
You are mostly covered in yellow scales. (AC +3)
Your demonic aura sometimes causes spilled blood to erupt in flames.
You sometimes gain power by taking damage.


Message History

The cane toad is moderately wounded.
The cane toad stings you but does no damage.
You barely miss the cane toad.
You headbutt the cane toad, but do no damage.
The cane toad is moderately wounded.
The cane toad stings you but does no damage.
You punch the cane toad!
You headbutt the cane toad, but do no damage.
The cane toad is heavily wounded.
The cane toad closely misses you.
You punch the cane toad! You headbutt the cane toad.
You kill the cane toad!
Okawaru accepts your kill.
You fail to extend your transformation any further.
Nessos the Markscentaur comes into view.
Nessos pounds the earth with their hooves.
Nessos wields a +3 longbow of flaming.
It bursts into flame!
Nessos shoots an arrow.
The arrow hits you! The arrow burns you.
Nessos shoots an arrow.
The arrow closely misses you.
Nessos mumbles some strange words.
Nessos seems to speed up.
You see here a cane toad corpse.
Nessos gestures wildly while chanting.
Nessos blinks!
Nessos shoots an arrow.
The arrow hits you!! The arrow burns you!
You are poisoned.
You feel very sick.
Nessos shoots an arrow.
The arrow hits you! The arrow burns you.
You are more poisoned.
Nessos shoots an arrow.
The arrow hits you!!
* * * LOW HITPOINT WARNING * * *
The arrow burns you.
You are more poisoned.
* * * LOW HITPOINT WARNING * * *
Nessos shoots an arrow.
The arrow misses you.
You see here a cane toad corpse.
* * * LOW HITPOINT WARNING * * *
You feel extremely sick.
Okay, then.
You die...

#P## #### ###
##...###PP####...
................
..............#
..............#
.+#.>.........#
..............#
..P....@......#
..#.#.###○###.#
#....°..#
#.........P.#
.c.#..........# .
.P.........##
..............#
...........#.##
......#+P#....#


There were no monsters in sight!

Vanquished Creatures
  Gastronok (Lair:1)
  Harold (D:9)
  Fannar (Lair:1)
  A boulder beetle (Lair:2)
  Erica (Lair:1)
  A black mamba (Lair:2)
  2 gargoyles (D:9)
  A komodo dragon (Lair:1)
  2 cane toads
  Psyche (D:9)
  A troll (D:6)
  A polar bear (Lair:1)
  Grinder (D:4)
  Prince Ribbit (D:5)
  7 blink frogs
  Sigmund (D:3)
  6 wyverns
  28 yaks
  A steam dragon (D:7)
  2 basilisks (D:9)
  Edmund (D:4)
  An acid dragon (D:8)
  12 water moccasins
  A black bear (D:4)
  12 wolves (Lair:2)
  2 orc warriors (D:9)
  A sky beast (D:8)
  3 ogres
  A centaur (D:7)
  A phantom (D:6)
  4 kobold brigands
  13 bullfrogs
  3 scorpions
  13 wights
  6 killer bees (D:9)
  3 electric eels (D:6)
  4 hounds
  3 gnoll boudas
  3 orc priests
  2 jellies (D:6)
  6 iguanas
  4 orc wizards
  5 hell rats (Lair:1)
  14 gnolls
  7 adders
  7 river rats
  A white imp (D:6)
  An ufetubus (D:4)
  3 worms
  4 dart slugs
  30 orcs
  4 endoplasms
  4 giant cockroaches
  14 goblins
  4 hobgoblins
  A jackal (Sewer)
  A quokka (D:2)
  8 ball pythons
  5 bats
  6 frilled lizards
  20 kobolds
  7 rats
306 creatures vanquished.

Vanquished Creatures (others)
  A gnoll (D:6)
  3 orcs (D:6)
4 creatures vanquished.

Grand Total: 310 creatures vanquished

Notes
Turn   | Place    | Note
-------+----------+-------------------------------------------
     0 | D:1      | Barill the Demonspawn Wanderer began the quest for the Orb.
     0 | D:1      | Barill set off with the following items: a +0 dagger, a
                  | potion of might, a wand of flame (7), a scroll of fear, a
                  | +0 robe, a potion of haste; and the following spell
                  | memorised: Beastly Appendage; and the following spells
                  | available to memorise: Ignite Poison.
     0 | D:1      | Reached XP level 1. HP: 15/15 MP: 2/2
   298 | D:1      | Gained mutation: You are partially covered in yellow
                  | scales. (AC +2) [demonic ancestry]
   298 | D:1      | Reached XP level 2. HP: 21/21 MP: 0/3
  1297 | D:2      | Gained mutation: You sometimes gain a little power by
                  | taking damage. [demonic ancestry]
  1297 | D:2      | Reached XP level 3. HP: 24/26 MP: 1/4
  1996 | D:3      | Found Ritezer's Magic Scroll Boutique.
  2421 | D:3      | Noticed Sigmund
  2435 | D:3      | Killed Sigmund
  2436 | D:3      | Reached skill level 2 in Fighting
  2436 | D:3      | Lost mutation: You have razor-sharp toenails. [demonic
                  | ancestry]
  2436 | D:3      | Lost mutation: You have sharp toenails. [demonic ancestry]
  2436 | D:3      | Gained mutation: You have large cloven feet. [demonic
                  | ancestry]
  2436 | D:3      | Reached XP level 4. HP: 18/34 MP: 1/6
  2436 | D:3      | Gained mutation: You sometimes gain power by taking damage.
                  | [demonic ancestry]
  2436 | D:3      | Reached XP level 5. HP: 20/39 MP: 1/7
  2754 | D:3      | Reached XP level 6. HP: 30/46 MP: 2/8
  2940 | D:3      | Found a faded altar of an unknown god.
  3297 | D:4      | Noticed Grinder
  3324 | D:4      | Paralysed by Grinder for 5 turns
  3340 | D:4      | Paralysed by Grinder for 4 turns
  3351 | D:4      | Killed Grinder
  3352 | D:4      | Reached skill level 3 in Fighting
  3468 | D:4      | Reached XP level 7. HP: 39/52 MP: 4/10
  3917 | D:4      | Reached skill level 4 in Fighting
  4153 | D:4      | Noticed Edmund
  4175 | D:4      | Killed Edmund
  4176 | D:4      | Reached skill level 5 in Unarmed Combat
  4315 | D:4      | Found an iron altar of Okawaru.
  4324 | D:4      | Became a worshipper of Warmaster Okawaru
  4467 | D:4      | Found a staircase to the Ecumenical Temple.
  4552 | D:5      | Entered Level 5 of the Dungeon
  4554 | D:5      | Noticed Prince Ribbit
  4574 | D:5      | Killed Prince Ribbit
  4575 | D:5      | Gained mutation: You are mostly covered in yellow scales.
                  | (AC +3) [demonic ancestry]
  4575 | D:5      | Reached XP level 8. HP: 38/61 MP: 7/12
  4988 | D:5      | Found a hazy altar of Hepliaklqana.
  5558 | D:6      | Reached skill level 5 in Fighting
  5732 | D:6      | Reached * piety under Okawaru
  6145 | D:6      | Found a glowing drain.
  6206 | Sewer    | Entered a sewer
  6443 | D:6      | Identified the +0 ring mail of Divine Compulsion {Fly rC+
                  | rN++}
  6609 | D:6      | Reached XP level 9. HP: 30/69 MP: 14/14
  6677 | D:6      | Reached ** piety under Okawaru
  6764 | D:6      | Reached skill level 6 in Fighting
  6770 | D:6      | Noticed a troll
  6789 | D:6      | Killed a troll
  6828 | D:6      | Found a sparkling altar of Nemelex Xobeh.
  7946 | D:7      | Reached skill level 7 in Fighting
  8180 | D:8      | Found a shadowy altar of Dithmenos.
  8199 | D:8      | Reached *** piety under Okawaru
  8397 | D:8      | Gained mutation: Your demonic aura sometimes causes spilled
                  | blood to erupt in flames. [demonic ancestry]
  8397 | D:8      | Reached XP level 10. HP: 79/79 MP: 12/16
  8725 | D:8      | Reached skill level 1 in Invocations
  9249 | D:9      | Reached skill level 5 in Transmutations
  9254 | D:9      | Noticed a gargoyle
  9255 | D:9      | Found a staircase to the Lair.
  9337 | D:8      | Reached **** piety under Okawaru
  9451 | D:9      | Reached skill level 5 in Armour
  9507 | D:9      | Reached skill level 5 in Dodging
  9628 | D:9      | Noticed Psyche
  9647 | D:9      | HP: 3/80 [Psyche/+2 dagger of chaos (2)]
  9649 | D:9      | Killed Psyche
  9649 | D:9      | HP: 1/80 [poisoned by Psyche]
  9650 | D:9      | Reached skill level 8 in Fighting
  9813 | D:9      | Reached skill level 5 in Spellcasting
 10066 | D:9      | Noticed Harold
 10087 | D:9      | Killed Harold
 10113 | D:9      | Killed a gargoyle
 10263 | D:9      | Noticed a gargoyle
 10287 | D:9      | Killed a gargoyle
 10287 | D:9      | Received a gift from Okawaru
 10288 | D:9      | Reached XP level 11. HP: 40/87 MP: 10/18
 10291 | D:9      | Reached skill level 5 in Invocations
 10747 | Lair:1   | Entered Level 1 of the Lair of Beasts
 11269 | Lair:1   | Noticed Fannar
 11296 | Lair:1   | Killed Fannar
 11296 | Lair:1   | Reached ***** piety under Okawaru
 11435 | Lair:1   | Noticed Erica
 11442 | Lair:1   | Killed Erica
 11442 | Lair:1   | Noticed Gastronok
 11443 | Lair:1   | Reached skill level 9 in Fighting
 11603 | Lair:1   | Killed Gastronok
 11603 | Lair:1   | Identified the +0 hat "Tunuragh" {rPois Stlth+} (Okawaru
                  | gifted it to you on level 1 of the Lair of Beasts)
 11603 | Lair:1   | Received a gift from Okawaru
 12405 | Lair:2   | Reached XP level 12. HP: 72/96 MP: 15/21
 12940 | Lair:2   | Noticed a boulder beetle
 12965 | Lair:2   | Killed a boulder beetle
 13839 | Lair:2   | Reached skill level 10 in Fighting
 14297 | Lair:3   | Noticed Nessos
 14302 | Lair:3   | Succumbed to Nessos's poison

Illustrated notes

Levels and vault maps discovered:
D:1:      sevenhm_arrival_forest_fort_small_3, layout_basic
D:2:      layout_basic, hex_large
D:3:      layout_basic, serial_shops, shop, hellmonk_ecumenical_altar_run_dry,
          serial_rivers, chequers_serial_rivers_small_b,
          chequers_serial_rivers_room_a, chequers_serial_rivers_micro_e,
          chequers_serial_rivers_large_a, chequers_serial_rivers_micro_d,
          chequers_serial_rivers_micro_c, uniq_sigmund
D:4:      layout_loops_ring, lemuel_crystal_altar, temple_hall, enter_ossuary_1,
          uniq_grinder, uniq_edmund
D:5:      layout_cave_pods, mainiacjoe_overflow_24_doors, uniq_prince_ribbit1
D:6:      layout_loops_ring, mainiacjoe_overflow_six_doors_small,
          portal_sewer_entry_c, serial_bayou_ford_a
D:7:      layout_cave_pools, serial_co_window_serial, co_window_corner_a,
          co_window_of_opportunity_a, co_window_paths_b,
          co_window_of_opportunity_a, co_window_corner_a, co_window_corner_b,
          co_window_broadway_b, co_window_of_opportunity_b,
          co_window_broadway_c, co_window_paths_d, glass_columns_b,
          glass_columns_b, small_statue_intersection
D:8:      layout_loops_ring, nicolae_overflow_crystal_walls
D:9:      layout_stronghold, minmay_lair_entry_grove, uniq_psyche, uniq_harold
Lair:1:   layout_roguey, uniq_erica, uniq_fannar, uniq_gastronok
Lair:2:   layout_roguey, grunt_megastairs_2
Lair:3:   layout_chaotic_city, minmay_shoals_entry_lonely_mermaid,
          minmay_snake_entry_guardpost_small, pdpol_lair_cabin_in_the_woods,
          uniq_nessos, uniq_amaemon

Skill      XL: |  1  2  3  4  5  6  7  8  9 10 11 12 |
---------------+-------------------------------------+-----
Unarmed Combat | 3 4 5 6 7 8 9 |  9.6
Fighting       | 2 3 4 5 7 8 9 10 | 10.0
Dodging        | 2 3 4 5 6 |  6.3
Transmutations | 2 3 4 5 6 |  6.4
Armour         | 2 3 4 5 6 |  6.4
Spellcasting   | 2 3 4 5 6 |  6.3
Invocations    | 4 7 8 |  8.6
Stealth        | |  0.2
Evocations     | |  2.0

Action                     |  1- 3 |  4- 6 |  7- 9 | 10-12 || total
---------------------------+-------+-------+-------+-------++-------
  Melee: Unarmed           |   108 |    72 |   404 |   662 ||  1246
         Kick              |    19 |    17 |   138 |   264 ||   438
         Headbutt          |    13 |    12 |    85 |   166 ||   276
         Punch             |     3 |     2 |    21 |    46 ||    72
   Cast: Beastly Appendage |    75 |    48 |   189 |   248 ||   560
 Invoke: Heroism           |       |       |     3 |     9 ||    12
         Finesse           |       |       |       |     1 ||     1
  Evoke: Wand              |     1 |       |     2 |       ||     3
    Use: Scroll            |       |     7 |     9 |     5 ||    21
         Potion            |       |     1 |    17 |    10 ||    28
   Stab: Sleeping          |     1 |       |       |       ||     1
 Armour: Robe              |     5 |       |       |       ||     5
         Leather armour    |     8 |    25 |    12 |       ||    45
         Skin              |       |     2 |       |       ||     2
         Ring mail         |       |       |   126 |   217 ||   343
  Dodge: Dodged            |    57 |    41 |   325 |   534 ||   957
